 Dungeon Crawl Stone Soup version 0.31.0-11-ge490571c62 (webtiles) character file.

Game seed: 4554421635668506457

128 Edyrem the Magician (level 5, -3/28 HPs)
             Began as a Kobold Earth Elementalist on Feb 6, 2024.
             Killed by nerve-wracking pain
             ... invoked by Grinder
              (7 damage)
             ... on level 4 of the Dungeon.
             The game lasted 00:09:11 (2843 turns).

Edyrem the Magician (Kobold Earth Elementalist)     Turns: 2843, Time: 00:09:12

Health: -3/28      AC:  3    Str: 11    XL:     5   Next: 33%
Magic:  1/10       EV: 15    Int: 19    God:
Gold:   123        SH:  0    Dex: 15    Spells: 7/11 levels left

rFire   . . .        h - +3 whip (freeze)
rCold   . . .        (no shield)
rNeg    . . .        a - +0 robe
rPois   .            (no helmet)
rElec   .            (no cloak)
rCorr   .            (no gloves)
SInv    .            n - +0 pair of boots
Will    .....        (no amulet)
Stlth   +++          o - +6 ring of strength
HPRegen 0.24/turn    (no ring)
MPRegen 0.12/turn

%: no passive effects
@: no status effects
A: small, no large weapons, nightstalker 3
a: no special abilities


You were on level 4 of the Dungeon.
You visited 1 branch of the dungeon, and saw 4 of its levels.

You collected 123 gold pieces.

Inventory:

Hand Weapons
 c - a +0 dagger
 h - a +3 whip of freezing (weapon)
 r - a +0 whip of electrocution
Armour
 a - a +0 robe (worn)
 n - a +0 pair of boots (worn)
Jewellery
 o - a +6 ring of strength (left hand)
Scrolls
 e - 4 scrolls of identify {unknown}
 j - a scroll of teleportation {unknown}
 k - a scroll of vulnerability {unknown}
 l - a scroll of fear {unknown}
 m - a scroll of amnesia {unknown}
Potions
 b - a potion of magic
 d - 5 potions of curing {unknown}
 f - a potion of mutation {unknown}
 g - a potion of attraction {unknown}
 i - a potion of heal wounds {unknown}
 p - a potion of brilliance {unknown}
 q - a potion of haste {unknown}


   Skills:
 + Level 3.4 Dodging
 - Level 2.6 Stealth
 * Level 3.7 Spellcasting
 + Level 2.1 Conjurations
 + Level 3.6 Earth Magic


You had 7 spell levels left.
You knew the following spells:

 Your Spells              Type           Power      Damage    Failure   Level
a - Sandblast             Erth           34%        2d9       3%          1
b - Stone Arrow           Conj/Erth      28%        3d8       13%         3

Your spell library contained the following spells:

 Spells                   Type           Power      Damage    Failure   Level
 Passwall                 Erth           17%        N/A       10%         3
 Brom's Barrelling Bould  Conj/Erth      14%        2d4       38%         4
 Petrify                  Alch/Erth      10%        N/A       54%         4


Dungeon Overview and Level Annotations

Branches:
Dungeon (4/15)
 Temple: D:4-7

Altars:
Ashenzari
Sif Muna
Uskayaw

Annotations:
D:4 Grinder


Innate Abilities, Weirdness & Mutations

You are small and have problems with some larger weapons.
You are completely attuned to the shadows.


Message History

Press: ? - help, Shift-Dir - straight line, f/p - Grinder
Aim: Grinder, carrying a wand of polymorph (severely wounded, 80% to hit)
The blast of sand hits Grinder.
Grinder is severely wounded.
Grinder gestures at you.
You suddenly lose the ability to move!
Grinder hits you!
You writhe in agony.
Grinder hits you.
You writhe in agony.
* * * LOW HITPOINT WARNING * * *
Grinder gestures at you.
You barely resist.
You can move again.
Casting: Sandblast (safe; 3% risk of failure)
Confirm with . or Enter, or press ? or * to list all spells.
Aiming: Sandblast (safe; 3% risk of failure)
Press: ? - help, Shift-Dir - straight line, f/p - Grinder
Aim: Grinder, carrying a wand of polymorph (severely wounded, 80% to hit)
The blast of sand misses Grinder.
Grinder hits you.
* * * LOW HITPOINT WARNING * * *
Your +3 whip of freezing glows with a cold blue light!
h - a +3 whip of freezing (weapon)
Grinder gestures at you. Pain shoots through your body!
* * * LOW HITPOINT WARNING * * *
You closely miss Grinder.
Grinder is severely wounded.
Grinder blinks!
Casting: Sandblast (safe; 3% risk of failure)
Confirm with . or Enter, or press ? or * to list all spells.
Aiming: Sandblast (safe; 3% risk of failure)
Press: ? - help, Shift-Dir - straight line, f/p - Grinder
Aim: Grinder, carrying a wand of polymorph (severely wounded, 80% to hit)
The blast of sand hits Grinder!
Grinder is almost dead.
Grinder zaps a wand.
You resist with some effort.
You closely miss Grinder.
Grinder is almost dead.
Grinder gestures at you. Pain shoots through your body!
You die...
Grinder sighs, "Dead already?
I want a refund."

.##### ...5.# #@# #.#
## #.# #. ####.#
##########. .....#
##..........
.....#####...########
...........###..##(.(
...........#...##(#(#
##.........'._.#((.#(


You could see Grinder.

Vanquished Creatures
  3 gnolls (D:3)
  5 adders
  A dart slug (D:2)
  A ribbon worm (D:2)
  An orc (D:3)
  6 endoplasms
  2 giant cockroaches
  3 goblins (D:1)
  3 hobgoblins
  2 jackals (D:4)
  A quokka (D:3)
  6 ball pythons
  5 bats
  3 frilled lizards
  3 kobolds
  8 rats
53 creatures vanquished.

Notes
Turn   | Place    | Note
-------+----------+-------------------------------------------
     0 | D:1      | Edyrem the Kobold Earth Elementalist began the quest for
                  | the Orb.
     0 | D:1      | Reached XP level 1. HP: 10/10 MP: 3/3
   293 | D:1      | Reached XP level 2. HP: 15/15 MP: 3/5
   593 | D:1      | Noticed a balrug
   597 | D:1      | Found a faded altar of an unknown god.
   961 | D:2      | Reached XP level 3. HP: 19/19 MP: 2/7
  1011 | D:2      | Learned a level 3 spell: Stone Arrow
  1131 | D:2      | Reached XP level 4. HP: 24/24 MP: 5/8
  2597 | D:3      | Reached XP level 5. HP: 28/28 MP: 7/10
  2676 | D:3      | Found a shimmering blue altar of Sif Muna.
  2676 | D:3      | Found a broken altar of Ashenzari.
  2736 | D:4      | Noticed a +0 falchion
  2737 | D:4      | Noticed a +0 short sword
  2737 | D:4      | Noticed a +0 spear
  2738 | D:4      | Noticed a +0 spear
  2738 | D:4      | Noticed a +0 falchion
  2783 | D:4      | Noticed a +0 dagger
  2785 | D:4      | Noticed a +0 dagger
  2786 | D:4      | Noticed a +0 short sword
  2800 | D:4      | Found a hide-covered altar of Uskayaw.
  2822 | D:4      | Noticed Grinder
  2825 | D:4      | Paralysed by Grinder for 3 turns
  2833 | D:4      | Paralysed by Grinder for 3 turns
  2843 | D:4      | Killed from afar by Grinder

Illustrated notes

Levels and vault maps discovered:
D:1:      nzn_arrival_water_spiral, layout_basic,
          dreamdust_ecumenical_altar_sealed_demon
D:2:      layout_loops_ring
D:3:      layout_basic, gammafunk_temple_overflow_wave
D:4:      layout_basic, nicolae_uskayaw_en_pointe, mainiacjoe_overflow_chevrons,
          minmay_temple_entry_nine_rooms, serial_shops,
          nicolae_shop_tiny_statue_garden, uniq_grinder

Skill      XL: |  1  2  3  4 |
---------------+-------------+-----
Dodging        | 3 |  3.4
Spellcasting   | 3 |  3.7
Conjurations   | 2 |  2.1
Stealth        | |  2.6
Earth Magic    | |  3.6

Action                     |  1- 3 |  4- 6 || total
---------------------------+-------+-------++-------
  Melee: Dagger            |       |     4 ||     4
         Whip              |       |     2 ||     2
   Cast: Sandblast         |    30 |    55 ||    85
         Stone Arrow       |       |     1 ||     1
 Armour: Robe              |       |    11 ||    11
  Dodge: Dodged            |     3 |     8 ||    11
